 Dungeon Crawl Stone Soup version 0.27.1-3-gb3d3a73c9e (webtiles) character file.

Game seed: 170513880771504199

30 unlimited1921 the Bolt Thrower (level 3, -3/35 HPs)
             Began as a Troll Hunter on Oct 28, 2021.
             Slain by Crazy Yiuf (19 damage)
             ... on level 2 of the Dungeon.
             The game lasted 00:10:07 (1546 turns).

unlimited1921 the Bolt Thrower (Troll Hunter)       Turns: 1546, Time: 00:10:14

Health: -3/35      AC:  5    Str: 21    XL:     3   Next: 3%
Magic:  2/2        EV:  6    Int:  7    God:
Gold:   50         SH:  7    Dex: 10    Spells: 2/2 levels left

rFire    x . .     SeeInvis .   a - +1 hand crossbow
rCold    + + .     Faith    .   i - +0 kite shield
rNeg     . . .     Spirit   .   r - +1 robe {rC+}
rPois    .         Reflect  .   (helmet restricted)
rElec    .         Harm     .   (no cloak)
rCorr    .         Rampage  .   (gloves unavailable)
Will     .....                  (boots unavailable)
Stlth    +.........             (no amulet)
HPRegen  1.11/turn              c - ring of ice
MPRegen  0.08/turn              (no ring)

@: no status effects
A: large, unfitting armour, claws 3, regeneration 1, shaggy fur 1, tough skin 1
a: no special abilities


You were on level 2 of the Dungeon.
You visited 1 branch of the dungeon, and saw 2 of its levels.

You collected 50 gold pieces.

Inventory:

Hand Weapons
 a - a +1 hand crossbow (weapon)
 b - a +0 short sword
 h - a +0 mace
 k - a +0 whip
 o - a +0 hunting sling
 q - a +1 dagger of electrocution
Missiles
 d - 31 bolts (quivered ammo)
 e - 2 javelins (quivered)
 f - 86 stones
Armour
 i - a +0 kite shield (worn)
 r - a +1 robe of cold resistance (worn)
Jewellery
 c - a ring of ice (left claw)
Scrolls
 g - 2 scrolls of torment {unknown}
 j - a scroll of identify {unknown}
Potions
 l - a potion of invisibility {unknown}
 m - a potion of degeneration {unknown}
 n - 3 potions of heal wounds {unknown}
 p - a potion of curing {unknown}
 s - a potion of lignification {unknown}
 t - a potion of brilliance {unknown}


   Skills:
 + Level 1.7 Fighting
 + Level 3.3 Crossbows
 + Level 1.6 Dodging
 + Level 0.3 Stealth


You had 2 spell levels left.
You didn't know any spells.
Your spell library was empty.

Dungeon Overview and Level Annotations

Branches:
Dungeon (2/15)

Altars:

Annotations:
D:2 Crazy Yiuf


Innate Abilities, Weirdness & Mutations

You are too large for most types of armour.
You have claws for hands.
Your natural rate of healing is unusually fast.
You are covered in fur. (AC +1)
You have tough skin. (AC +1)


Message History

Your experience leads to an increase in your attributes!
Increase (S)trength, (I)ntelligence, or (D)exterity?
You feel stronger. x2
s - a fuming brown potion
d - 34 bolts (gained 1)
Things that are here:
a +0 club; a goblin corpse
Things that are here:
a +0 club; a goblin corpse
Found a puce potion.
t - a puce potion A rat comes into view.
You shoot a bolt. The bolt barely misses the rat.
You shoot a bolt. The bolt hits the rat!
You kill the rat!
Found a stone staircase leading down.
d - 33 bolts (gained 1)
Found 8 gold pieces.
You now have 50 gold pieces (gained 8).
As you open the door, it creaks loudly!
There is an open door here.
Found a mace.
Found a runed translucent door.
Crazy Yiuf shouts!
Crazy Yiuf cries, "You leg down broken song, no?"
Found a stone staircase leading down.
You open the door.
There is an open door here.
Crazy Yiuf shouts!
You open the door. You shoot a bolt. The bolt hits Crazy Yiuf!
Crazy Yiuf is almost dead.
Crazy Yiuf hits you with a +4 quarterstaff of chaos!
Crazy Yiuf burns you.
You shoot a bolt.
The bolt hits Crazy Yiuf but does no damage.
Crazy Yiuf is almost dead.
Crazy Yiuf hits you with a +4 quarterstaff of chaos!
You are electrocuted!!
Ouch! That really hurt!
You die...

### ####.# #....####
♣♣♣♣♣##....'... ###
♣♣♣.♣........####
#...#♣..♣......##+#...
#..(g@♣♣♣♣...........#
#)..#♣♣ ♣♣..........#
### ♣♣####.....#
#....#+#. ###......
### ##......##
#'###.##.####
#.#......# #.#.#...>+


You could see Crazy Yiuf.

Vanquished Creatures
  5 bats
  A giant cockroach (D:2)
  7 goblins
  2 hobgoblins (D:2)
  A jackal (D:2)
  4 quokkas
  A ball python (D:2)
  A frilled lizard (D:1)
  2 kobolds (D:2)
  3 rats
27 creatures vanquished.

Notes
Turn   | Place    | Note
-------+----------+-------------------------------------------
     0 | D:1      | unlimited1921 the Troll Hunter began the quest for the Orb.
     0 | D:1      | Reached XP level 1. HP: 19/19 MP: 0/0
   610 | D:1      | Reached skill level 3 in Crossbows
   662 | D:1      | Reached XP level 2. HP: 27/27 MP: 1/1
  1211 | D:2      | Reached XP level 3. HP: 35/35 MP: 2/2
  1456 | D:2      | Found a runed translucent door.
  1457 | D:2      | Noticed Crazy Yiuf
  1546 | D:2      | Slain by Crazy Yiuf

Illustrated notes

Levels and vault maps discovered:
D:1:      dpeg_arrival_snail, layout_loops_ring
D:2:      wad_river_or_something, layout_basic,
          shapermc_ecumenical_altar_totnotflames, minmay_cupped,
          uniq_crazy_yiuf_cottage

Skill      XL: |  1 |
---------------+----+-----
Crossbows      | 3 |  3.3
Fighting       | |  1.7
Dodging        | |  1.6
Stealth        | |  0.3

Action                   || total
-------------------------++-------
 Fire: Hand crossbow     ||    56
Armor: Robe              ||     5
Dodge: Dodged            ||     6
Block: Kite shield       ||     4
